 Dungeon Crawl Stone Soup version 0.25.0-11-g1f837a76a1 (webtiles) character file.

Game seed: 8698805601470352797

1550 Araneus the Basher (level 8, -9/58 HPs)
             Began as a Demonspawn Fighter on June 25, 2020.
             Was an Initiate of Qazlal.
             Mangled by an ogre
             ... wielding a +0 giant spiked club
              (21 damage)
             ... on level 6 of the Dungeon.
             The game lasted 00:20:39 (6590 turns).

Araneus the Basher (Demonspawn Fighter)             Turns: 6590, Time: 00:20:40

Health: -9/58      AC: 13    Str: 20    XL:     8   Next: 57%
Magic:  8/8        EV:  3    Int:  9    God:    Qazlal [......]
Gold:   297        SH:  9    Dex: 12    Spells: 7/7 levels left

rFire    + . .     SeeInvis .   a - +0 flail
rCold    . . .     Gourm    .   c - +0 kite shield
rNeg     . . .     Faith    .   q - +2 plate armour {rF+}
rPois    +         Spirit   .   (helmet restricted)
rElec    +         Reflect  .   (no cloak)
rCorr    .         Harm     .   (no gloves)
MR       .....                  (no boots)
Stlth    ..........             (no amulet)
HPRegen  0.19/turn              (no ring)
MPRegen  0.11/turn              (no ring)

@: no status effects
A: antennae 1, claws 1, poison resistance, electricity resistance, spiny 2,
MP-powered wands
a: Renounce Religion


You were on level 6 of the Dungeon.
You worshipped Qazlal.
Qazlal was noncommittal.
You were hungry.

You visited 2 branches of the dungeon, and saw 7 of its levels.

You collected 297 gold pieces.

Inventory:

Hand Weapons
 a - a +0 flail (weapon)
 i - a +0 whip of flaming
Missiles
 g - 3 boomerangs (quivered)
 u - 21 sling bullets
Armour
 c - a +0 kite shield (worn)
 q - a +2 plate armour of fire resistance (worn)
 t - a +0 helmet
Jewellery
 s - an uncursed amulet of reflection
Scrolls
 d - a scroll of magic mapping {unknown}
 e - 2 scrolls of teleportation
 j - a scroll of amnesia {unknown}
 k - a scroll of enchant weapon {unknown}
 m - 2 scrolls of identify
 n - a scroll of immolation {unknown}
 o - 6 scrolls of remove curse {unknown}
 p - 3 scrolls of fog {unknown}
 x - a scroll of blinking {unknown}
Comestibles
 b - 4 chunks of flesh
 f - 10 rations


   Skills:
 - Level 3.0 Fighting
 + Level 10.0 Maces & Flails
 - Level 2.6 Armour
 - Level 2.6 Shields


You had 7 spell levels left.
You didn't know any spells.
Your spell library was empty.

Dungeon Overview and Level Annotations

Branches:
Dungeon (6/15)             Temple (1/1) D:4

Altars:
Ashenzari
Cheibriados
Dithmenos
Elyvilon
Fedhas
Gozag
Kikubaaqudgha
Makhleb
Okawaru
Qazlal
Ru
Sif Muna
Trog
Uskayaw
Vehumet
Wu Jian
Xom
Yredelemnul
Zin

Shops:
D:4 =

Annotations:
D:4 1 runed translucent door, 1 exclusion
D:5 exclusion: statue


Innate Abilities, Weirdness & Mutations

You have sharp fingernails.
You are mostly covered in sharp spines.
You have a pair of small antennae on your head.
Your system is resistant to poisons. (rPois)
You are resistant to electric shocks. (rElec)
You expend magic power (3 MP) to strengthen your wands.


Message History

The ogre shouts!
An ogre is nearby!
No reachable target in view!
You hit the ogre.
The ogre is lightly wounded.
You thump the ogre!
The ogre is moderately wounded.
The ogre is struck by your spines.
The ogre hits you with a +0 giant spiked club!!
Your shield and plate armour prevent you from hitting the ogre.
The ogre is severely wounded.
The ogre hits you with a +0 giant spiked club!!
* * * LOW HITPOINT WARNING * * *
You barely miss the ogre.
The ogre is severely wounded.
Your shield and plate armour prevent you from hitting the ogre.
The ogre is severely wounded.
You are feeling hungry.
The ogre hits you with a +0 giant spiked club!!
You die...

#.......###..##
.###....# ##.# #....##
##.## #####
#..#...###...####.#.#
#..#...##.....##...##
............#.......#
####.###..#...#......##
#.###.#####...#.......
# ..#.@.## ##....#..###
#..#.#O#..# #..####.#
#.. $#$#..# #.## #..#
#..#####..# ..# ##.#
####..#.#..####.. #..#
##..##.....##..## #..
##....##...##....##
##..
#......#...#......#
....
##..##..##.##..##..##
..##


You could see an ogre.

Vanquished Creatures
  Grinder (D:5)
  2 ice beasts (D:5)
  A black bear (D:6)
  A sky beast (D:6)
  2 centaurs
  Blork the orc (D:5)
  A bullfrog (D:6)
  2 scorpions
  3 iron imps (D:5)
  A hound (D:5)
  A gnoll shaman (D:5)
  An orc priest (D:5)
  A bullfrog skeleton (D:4)
  Ijyb (D:5)
  3 worker ants (D:4)
  2 hound skeletons
  7 adders
  5 gnolls (D:5)
  2 shadow imps
  2 oozes
  An adder zombie (D:5)
  6 worms
  A dart slug (D:2)
  4 leopard geckos
  9 orcs
  3 bats
  5 giant cockroaches
  10 goblins
  6 hobgoblins
  17 jackals
  2 quokkas
  3 ball pythons
  2 frilled lizards
  A giant cockroach zombie (D:5)
  5 kobolds (D:1)
  7 rats
122 creatures vanquished.

Notes
Turn   | Place    | Note
-------+----------+-------------------------------------------
     0 | D:1      | Araneus the Demonspawn Fighter began the quest for the Orb.
     0 | D:1      | Reached XP level 1. HP: 18/18 MP: 1/1
    39 | D:1      | Reached skill level 2 in Maces & Flails
   210 | D:1      | Gained mutation: You are partially covered in sharp spines.
                  | [demonic ancestry]
   210 | D:1      | Reached XP level 2. HP: 24/24 MP: 2/2
   494 | D:1      | Reached skill level 3 in Maces & Flails
   747 | D:2      | Found an opulent altar of Gozag.
   747 | D:2      | Found a glowing silver altar of Zin.
   782 | D:2      | Gained mutation: You are mostly covered in sharp spines.
                  | [demonic ancestry]
   782 | D:2      | Reached XP level 3. HP: 20/29 MP: 3/3
  1037 | D:2      | Gained mutation: You have sharp fingernails. [demonic
                  | ancestry]
  1037 | D:2      | Reached XP level 4. HP: 29/35 MP: 4/4
  1122 | D:2      | Reached skill level 4 in Maces & Flails
  2490 | D:4      | Found Yproagor's Jewellery Emporium.
  2531 | D:4      | Reached XP level 5. HP: 41/41 MP: 5/5
  2587 | D:4      | Reached skill level 5 in Maces & Flails
  2864 | D:4      | Noticed an eye of draining
  3150 | D:4      | Found a staircase to the Ecumenical Temple.
  3174 | Temple   | Entered the Ecumenical Temple
  3479 | D:4      | Reached XP level 6. HP: 45/47 MP: 6/6
  3649 | D:4      | Found a white marble altar of Elyvilon.
  3649 | D:4      | Found a runed translucent door.
  3649 | D:4      | Noticed an angel
  3781 | D:5      | Entered Level 5 of the Dungeon
  3817 | D:5      | Reached skill level 6 in Maces & Flails
  3940 | D:5      | Noticed Blork the orc
  3951 | D:5      | Killed Blork the orc
  3970 | D:5      | Noticed an ice beast
  3992 | D:5      | Killed an ice beast
  3992 | D:5      | Reached skill level 7 in Maces & Flails
  3992 | D:5      | Reached XP level 7. HP: 5/52 MP: 7/7
  4274 | D:5      | Noticed Grinder
  4304 | D:5      | Paralysed by Grinder for 3 turns
  4500 | D:5      | Found a burning altar of Makhleb.
  4676 | D:5      | Gained mutation: You expend magic power (3 MP) to
                  | strengthen your wands. [potion of mutation]
  4676 | D:5      | Gained mutation: You are resistant to electric shocks.
                  | (rElec) [potion of mutation]
  4676 | D:5      | Gained mutation: Your system is resistant to poisons.
                  | (rPois) [potion of mutation]
  4676 | D:5      | Gained mutation: You have a pair of small antennae on your
                  | head. [potion of mutation]
  4691 | D:5      | Killed Grinder
  4691 | D:5      | Reached skill level 8 in Maces & Flails
  5160 | D:5      | Reached XP level 8. HP: 44/58 MP: 8/8
  5351 | D:5      | Reached skill level 9 in Maces & Flails
  5351 | D:5      | Noticed Ijyb
  5352 | D:5      | Paralysed by Ijyb for 7 turns
  5367 | D:5      | Paralysed by Ijyb for 2 turns
  5379 | D:5      | Paralysed by Ijyb for 4 turns
  5384 | D:5      | Killed Ijyb
  5471 | D:5      | Found a radiant altar of Vehumet.
  6101 | D:6      | Found a shimmering altar of Xom.
  6276 | Temple   | Became a worshipper of Qazlal Stormbringer
  6495 | D:6      | Reached skill level 10 in Maces & Flails
  6590 | D:6      | Mangled by an ogre

Illustrated notes

Levels and vault maps discovered:
D:1:      scummos_arrival_forest, layout_basic
D:2:      layout_loops_ring, grunt_temple_overflow_gold_and_silver
D:3:      layout_loops_ring
D:4:      minmay_chambers_of_fours, layout_basic,
          minmay_temple_entry_junction_2, serial_shops, shop_statue,
          lemuel_angel_altar
D:5:      layout_rooms, vehumet_statue, demons_altar, first_ration,
          serial_corexii_hall, chequers_hall_statues_corner_a,
          corexii_hall_statues_x, uniq_ijyb, uniq_grinder, uniq_blork_the_orc
D:6:      layout_layer_cave, kennysheep_mini_moat, serial_shops, shop,
          hangedman_abyss_or_decor_jellyfish_corner, minmay_puff
Temple:   minmay_temple_curvy_branch

Skill      XL: |  1  2  3  4  5  6  7  8 |
---------------+-------------------------+-----
Maces & Flails | 2 3 4 5 7 8 10 | 10.0
Fighting       | |  3.0
Armour         | |  2.6
Shields        | |  2.6

Action                   |  1- 3 |  4- 6 |  7- 9 || total
-------------------------+-------+-------+-------++-------
Melee: Flail             |    97 |   167 |   186 ||   450
Throw: Boomerang         |       |       |     1 ||     1
  Use: Scroll            |       |     2 |     3 ||     5
       Potion            |       |     1 |     4 ||     5
  Eat: Chunk             |     1 |     9 |     8 ||    18
Armor: Plate armour      |    60 |    93 |    89 ||   242
Dodge: Dodged            |     6 |    11 |    15 ||    32
Block: Kite shield       |    47 |    68 |    70 ||   185
